 Dungeon Crawl Stone Soup version 0.31.0-32-g396128a36d (webtiles) character file.

Game seed: 11138262990128058970

65 PaiMei the Grave Robber (level 3, -1/26 HPs)
             Began as a Demonspawn Necromancer on Apr 2, 2024.
             Slain by a ribbon worm (7 damage)
             ... on level 3 of the Dungeon.
             The game lasted 00:03:22 (1939 turns).

PaiMei the Grave Robber (Demonspawn Necromancer)    Turns: 1939, Time: 00:03:22

Health: -1/26      AC:  4    Str:  8    XL:     3   Next: 94%
Magic:  0/6        EV: 14    Int: 17    God:
Gold:   125        SH:  0    Dex: 13    Spells: 3/7 levels left

rFire   . . .        h - +2 dagger (flame)
rCold   . . .        (no shield)
rNeg    . . .        a - +0 robe
rPois   +            (no helmet)
rElec   .            (no cloak)
rCorr   .            k - +0 pair of gloves
SInv    .            j - +0 pair of boots
Will    .....        (no amulet)
Stlth   ++           n - ring of poison resistance
HPRegen 0.24/turn    (no ring)
MPRegen 0.10/turn

%: no passive effects
@: no status effects
A: repulsion field 1
a: no special abilities


You were on level 3 of the Dungeon.
You visited 1 branch of the dungeon, and saw 3 of its levels.

You collected 125 gold pieces.

Inventory:

Hand Weapons
 g - a +0 hand axe
 h - a +2 dagger of flaming (weapon)
 p - a +0 rapier of speed
Missiles
 i - 6 atropa-tipped darts (quivered)
Armour
 a - a +0 robe (worn)
 j - a +0 pair of boots (worn)
 k - a +0 pair of gloves (worn)
Jewellery
 m - an amulet of guardian spirit
 n - a ring of poison resistance (left hand)
Scrolls
 c - 2 scrolls of identify {unknown}
 d - 2 scrolls of teleportation {unknown}
 l - 2 scrolls of fog {unknown}
Potions
 b - 2 potions of magic
 e - a potion of degeneration {unknown}
 f - a potion of invisibility {unknown}
 o - a potion of cancellation {unknown}


   Skills:
 + Level 1.2 Fighting
 + Level 2.4 Dodging
 - Level 2.0 Stealth
 + Level 2.5 Spellcasting
 + Level 4.9 Necromancy


You had 3 spell levels left.
You knew the following spells:

 Your Spells              Type           Power      Damage    Failure   Level
a - Necrotise             Necr           76%        1d7       2%          1
b - Vampiric Draining     Necr           19%        2d7       7%          3

Your spell library contained the following spells:

 Spells                   Type           Power      Damage    Failure   Level
 Animate Dead             Necr           19%        N/A       24%         4
 Curse of Agony           Necr           19%        N/A       54%         5


Dungeon Overview and Level Annotations

Branches:
Dungeon (3/15)

Altars:
Ru


Innate Abilities, Weirdness & Mutations

You are surrounded by a mild repulsion field. (EV +2)


Message History

The ribbon worm is moderately wounded.
You hit the ribbon worm. You burn the ribbon worm.
The ribbon worm is severely wounded.
The ribbon worm misses you.
You hit the ribbon worm but do no damage.
The ribbon worm is heavily wounded.
The ribbon worm expels a string of sticky webbing.
The stream of webbing hits you but does no damage.
You are caught in a web!
You struggle to detach yourself from the web.
The ribbon worm bites you.
You struggle to detach yourself from the web.
The ribbon worm bites you.
You struggle to detach yourself from the web.
The web tears apart.
The ribbon worm bites you.
Casting: Necrotise (safe; 2% risk of failure)
Confirm with . or Enter, or press ? or * to list all spells.
Aiming: Necrotise (safe; 2% risk of failure)
Press: ? - help, Shift-Dir - straight line, f/p - ribbon worm
Aim: a ribbon worm (moderately wounded, catching its breath, chance to affect: 84%)
The ribbon worm barely resists.
The ribbon worm bites you.
* * * LOW HITPOINT WARNING * * *
You barely miss the ribbon worm.
The ribbon worm is moderately wounded.
The ribbon worm closely misses you.
Casting: Necrotise (safe; 2% risk of failure)
Confirm with . or Enter, or press ? or * to list all spells.
You don't have enough magic to cast this spell.
You barely miss the ribbon worm.
The ribbon worm is moderately wounded.
The ribbon worm closely misses you.
You barely miss the ribbon worm.
The ribbon worm is moderately wounded.
Casting: Necrotise (safe; 2% risk of failure)
Confirm with . or Enter, or press ? or * to list all spells.
Aiming: Necrotise (safe; 2% risk of failure)
Press: ? - help, Shift-Dir - straight line, f/p - ribbon worm
Aim: a ribbon worm (moderately wounded, chance to affect: 84%)
The ribbon worm writhes in agony.
The ribbon worm bites you!
You die...

#######
.....####
###.#....###..
#............#
# #.#.@w.#
..##.#.#.####
.........#
#........#
#.##.###.# #
#.# #.# ##<#
#..#


You could see a ribbon worm.

Vanquished Creatures
  An adder (D:2)
  A dart slug (D:1)
  4 bats
  7 endoplasms
  3 giant cockroaches
  5 goblins
  4 hobgoblins
  4 jackals (D:1)
  6 kobolds
  7 ball pythons
  A frilled lizard (D:2)
  2 rats
45 creatures vanquished.

Vanquished Creatures (collateral kills)
  An endoplasm (D:1)
1 creature vanquished.

Grand Total: 46 creatures vanquished

Notes
Turn   | Place    | Note
-------+----------+-------------------------------------------
     0 | D:1      | PaiMei the Demonspawn Necromancer began the quest for the
                  | Orb.
     0 | D:1      | Reached XP level 1. HP: 13/13 MP: 3/3
   448 | D:1      | Gained mutation: You are surrounded by a mild repulsion
                  | field. (EV +2) [demonic ancestry]
   448 | D:1      | Reached XP level 2. HP: 19/19 MP: 0/5
   931 | D:1      | Reached XP level 3. HP: 25/25 MP: 4/6
   935 | D:1      | Learned a level 3 spell: Vampiric Draining
  1310 | D:2      | Found a sacrificial altar of Ru.
  1347 | D:2      | Reached skill level 1 in Fighting
  1939 | D:3      | Slain by a ribbon worm

Illustrated notes

Levels and vault maps discovered:
D:1:      roderic_octagonal_star, layout_rooms, serial_glass, glass_columns_a,
          glass_columns_a
D:2:      layout_rooms, basic_altar, serial_corexii_hall,
          corexii_hall_statues_deadend, chequers_hall_statues_corner_a
D:3:      layout_loops_corners, mainiacjoe_overflow_alcove_2,
          gammafunk_temple_overflow_wave, st_stairs_5, uniq_terence

Skill      XL: |  1  2  3 |
---------------+----------+-----
Dodging        | 2 |  2.4
Stealth        | 2 |  2.0
Fighting       | 1 |  1.2
Spellcasting   | |  2.5
Necromancy     | |  4.9

Action                     || total
---------------------------++-------
  Melee: Unarmed           ||    18
         Hand axe          ||    14
         Dagger            ||     9
   Cast: Necrotise         ||    87
 Armour: Robe              ||    27
  Dodge: Dodged            ||    49
